 Dungeon Crawl Stone Soup version 0.29.1-15-g9cfb28693d (webtiles) character file.

Game seed: 4231673465426074919

130 KyoPewz the Shooter (level 4, -2/25 HPs)
             Began as a Deep Elf Hunter on Feb 26, 2023.
             Slain by an iguana (11 damage)
             ... on level 3 of the Dungeon.
             The game lasted 00:07:55 (2091 turns).

KyoPewz the Shooter (Deep Elf Hunter)               Turns: 2091, Time: 00:07:56

Health: -2/25      AC:  4    Str:  8    XL:     4   Next: 90%
Magic:  6/6        EV: 12    Int: 14    God:
Gold:   118        SH:  0    Dex: 20    Spells: 3/3 levels left

rFire   . . .      SeeInvis .   b - +0 long sword
rCold   . . .      Faith    .   (no shield)
rNeg    . . .      Spirit   .   c - +0 leather armour
rPois   .          Reflect  .   k - +0 helmet
rElec   .          Harm     .   (no cloak)
rCorr   .          Rampage  .   (no gloves)
Will    .....                   (no boots)
Stlth   ++........              (no amulet)
HPRegen 0.08/turn               (no ring)
MPRegen 0.10/turn               (no ring)

@: no status effects
A: no striking features
a: no special abilities


You were on level 3 of the Dungeon.
You visited 1 branch of the dungeon, and saw 3 of its levels.

You collected 118 gold pieces.

Inventory:

Hand Weapons
 a - a +0 shortbow
 b - a +0 long sword (weapon)
 p - a +0 dagger
Missiles
 o - 4 silver javelins
Armour
 c - a +0 leather armour (worn)
 k - a +0 helmet (worn)
 r - a +0 scale mail
 s - a +0 ring mail
Jewellery
 i - an amulet of magic regeneration
Scrolls
 d - a scroll of torment {unknown}
 e - a scroll of noise {unknown}
 f - 3 scrolls of magic mapping
 g - 2 scrolls of teleportation
 h - a scroll of immolation
 l - a scroll of enchant armour {unknown}
 m - a scroll of poison {unknown}
 n - a scroll of fear {unknown}
 q - a scroll of summoning
Potions
 j - a potion of heal wounds


   Skills:
 - Level 1.6 Fighting
 * Level 7.6 Ranged Weapons
 - Level 2.4 Dodging
 - Level 1.3 Stealth
 + Level 2.5 Necromancy


You had 3 spell levels left.
You didn't know any spells.
Your spell library contained the following spells:

 Spells                   Type           Power      Damage    Failure   Level
 Apportation              Tloc           0%         N/A       38%         1
 Sandblast                Erth           0%         2d4       38%         1
 Passwall                 Tmut/Erth      0%         N/A       54%         2
 Stone Arrow              Conj/Erth      0%         3d7       77%         3
 Animate Dead             Necr           7%         N/A       83%         4
 Dispel Undead            Necr           7%         3d8       83%         4
 Corpse Rot               Necr/Pois/Air  2%         N/A       96%         4
 Alistair's Intoxication  Tmut/Pois      0%         N/A       100%        5
 Death Channel            Necr           3%         N/A       100%        6
 Haunt                    Necr/Summ      1%         N/A       100%        7
 Infestation              Necr           3%         N/A       100%        8


Dungeon Overview and Level Annotations

Branches:
Dungeon (3/15)

Altars:
Ashenzari


Message History

You shoot an arrow.
The arrow hits the iguana but does no damage.
The iguana is heavily wounded.
The iguana closely misses you.
Fire: a) +0 shortbow
Press: ? - help, Q - select action, (/) - cycle Shift-Dir - straight line, f/p - iguana
Aim: an iguana (heavily wounded, 69% to hit)
You shoot an arrow.
The arrow hits the iguana but does no damage.
The iguana is heavily wounded.
The iguana barely misses you.
Press: ? - help, v - describe, . - travel, g - get item
Here: an iguana (heavily wounded) Item here: a +1 flail of protection.
The floor, spattered with blood.
Unknown command.
Okay, then.
Unknown command.
Okay, then.
Unknown command.
Okay, then.
Unknown command.
As you read the scroll of summoning, it crumbles to dust.
Wisps of shadow whirl around you... The iguana closely misses you.
Your adder barely misses the iguana.
Your frilled lizard barely misses the iguana.
The iguana bites your frilled lizard.
Your frilled lizard dies!
Your frilled lizard's corpse dissolves into shadows!
Your adder bites the iguana.
The iguana is poisoned.
Your adder poisons the iguana!
Fire: a) +0 shortbow
Press: ? - help, Q - select action, (/) - cycle Shift-Dir - straight line, f/p - iguana
Aim: an iguana (severely wounded, very poisoned, ally target, 69% to hit)
You shoot an arrow. The arrow barely misses the iguana.
Your bat hits the iguana but does no damage.
Your adder closely misses the iguana.
b - a +0 long sword (weapon)
The iguana bites you!
You die...

.... ......# .
................ .##.
................ ....
#.##.#.#.#......# ..# #
#.##...#.#......####..##.#
...................).....>
.................b........
............#...@lS.).....
.....................)##..
###..#................# .
# #..#....####...###..# #
#..#...........# ..#
#................# #.#
#.#..#..#.####...# ##
#.#..#..#........# #
#..#..#####......


You could see an iguana (very poisoned, ally target), a friendly adder
(summoned) and a friendly bat (summoned).

Vanquished Creatures
  A hound (D:2)
  3 gnolls (D:3)
  2 adders (D:2)
  2 worms (D:2)
  3 dart slugs
  An orc (D:3)
  7 ball pythons
  2 bats
  2 endoplasms
  A giant cockroach (D:2)
  5 goblins
  5 hobgoblins
  2 quokkas (D:1)
  A frilled lizard (D:1)
  3 kobolds (D:1)
  A rat (D:1)
41 creatures vanquished.

Notes
Turn   | Place    | Note
-------+----------+-------------------------------------------
     0 | D:1      | KyoPewz the Deep Elf Hunter began the quest for the Orb.
     0 | D:1      | Reached XP level 1. HP: 12/12 MP: 3/3
   132 | D:1      | Reached XP level 2. HP: 16/16 MP: 4/4
   211 | D:1      | Reached skill level 6 in Ranged Weapons
   755 | D:1      | Found a faded altar of an unknown god.
  1110 | D:2      | Reached XP level 3. HP: 20/20 MP: 5/5
  1140 | D:2      | Found a broken altar of Ashenzari.
  1149 | D:2      | Reached skill level 1 in Necromancy
  1838 | D:2      | Reached skill level 7 in Ranged Weapons
  1838 | D:2      | Reached XP level 4. HP: 15/25 MP: 6/6
  2091 | D:3      | Slain by an iguana

Illustrated notes

Levels and vault maps discovered:
D:1:      shiori_arrival_oz, layout_loops_ring,
          dreamdust_ecumenical_altar_hidden_monk_grotto,
          amcnicky_mini_pool_small
D:2:      layout_basic, basic_altar
D:3:      layout_basic, kennysheep_vampire_church, minmay_bisected

Skill      XL: |  1  2  3 |
---------------+----------+-----
Ranged Weapons | 6 7 |  7.6
Necromancy     | 2 |  2.5
Fighting       | |  1.6
Dodging        | |  2.4
Stealth        | |  1.3

Action                   |  1- 3 |  4- 6 || total
-------------------------+-------+-------++-------
 Fire: Shortbow          |    87 |    27 ||   114
  Use: Scroll            |     5 |     1 ||     6
Armor: Leather armour    |    14 |     2 ||    16
Dodge: Dodged            |    24 |     9 ||    33
